Unix NetHack Version 5.0.0-0 post-release - last build May  4 2026 22:22:43 (774f63e81ad911689b3a0859ea89b322d5daca8d,branch:main).

Game began 2026-05-04 14:30:50, ended 2026-05-06 04:50:47.

24620901111, chaotic female orcish Barbarian

                                  -------
                                  |..--.--
                               ----....?.|
                              --.........|
                     |       --........---
                     .--    --.*`.....--
                     ..|    |..<.....--
                     ..--   |..|.|...|
     --  .          -...|   -----|..--
     |...`.        --...---      |.--
     |...... -  ----......|      |.|
       -......---......--.|      |.|
        -.............-||.|---   |.|
     -- |........G.....--.--.-----.---
   -..................@%.$.............-
   --...............)..G.--.|....--.----
    ---... ---............|.|....- .|
      ---    --..---......|.......|.|
              |.   |.....------.... |
              --   --..---    ------
                    ----
24620901111 the Bandit     St:18 Dx:17 Co:17 In:9 Wi:7 Ch:7  Chaotic
Dlvl:6  $:83 HP:0(52) Pw:11(11) AC:8  Xp:6 T:2392  Weak     Burdened

Latest messages:
 The gnome hits!
 The gnome picks up a pair of iron shoes.
 You are beginning to feel weak.
 The gnome picks up 13 darts.
 The gnome swings her aklys.
 The gnome hits!
 The gnome swings her aklys.
 The gnome hits!
 You kill the gnome!
 You have trouble lifting a gnome corpse.  Continue? [ynq] (q) y
 You have trouble lifting x - a gnome corpse.
 You rebalance your load.  Movement is difficult.
 The gnome throws a dart!
 You are almost hit by a dart.
 The gnome throws a dart!
 A dart misses you.
 What do you want to eat? [x or ?*] x
 This gnome corpse is fatty.
 Your movements are only slowed slightly by your load.
 The gnome throws an aklys!
 You are almost hit by an aklys.
 You stop eating the gnome corpse.
 The aklys returns to the gnome's hand!
 The gnome picks up 2 yellowish brown gems.
 You kill the gnome!
 The gnome throws an aklys!
 You are hit by an aklys.
 The gnome puts on a dwarvish roundshield.
 The gnome throws an aklys!
 You are hit by an aklys!
 The gnome picks up a dwarvish iron helm.
 The gnome puts on a dwarvish iron helm.
 The gnome throws a dagger!
 You are hit by a dagger.
 The gnome picks up a white gem.
 The gnome wields a dwarvish short sword!
 The gnome picks up 2 darts.
 The gnome thrusts her dwarvish short sword.
 The gnome hits!
 The gnome wields a dwarvish spear!
 The dwarvish spear welds itself to the gnome's hand!
 You kill the gnome!
 The gnome thrusts her dwarvish short sword.
 The gnome hits!
 You die...
 Do you want your possessions identified? [ynq] (y) y
 Do you want to see your attributes? [ynq] (y) y
 Do you want an account of creatures vanquished? [ynaq] (y) y
 Do you want to see your conduct and achievements? [ynq] (y) y
 Do you want to see the dungeon overview? [ynq] (y) y

Inventory:
 Coins    ('$')
  $ - 83 gold pieces
 Weapons  (')')
  p - a blessed +1 dart
  l - 10 +0 darts
  t - a very corroded +0 aklys
  a - a +0 battle-axe (weapon in hands)
  f - a +0 two-handed sword
 Armor    ('[')
  i - an uncursed +0 orcish helm
  c - an uncursed +0 orcish ring mail (being worn)
 Comestibles  ('%')
  x - an uncursed partly eaten gnome corpse
 Potions  ('!')
  m - a cursed potion of healing
 Tools    ('(')
  e - an uncursed oil lamp
  k - an uncursed wax candle
 Gems/Stones  ('*')
  j - an uncursed jasper stone
  r - an uncursed worthless piece of green glass
  n - an uncursed worthless piece of white glass
  o - an uncursed worthless piece of yellow glass
  s - 12 uncursed rocks

24620901111 the Barbarian's attributes:

Background:
 You were a Bandit, a level 6 female orcish Barbarian.
 You were chaotic, nominally on a mission for Set
 who was opposed by Mitra (lawful) and Crom (neutral).
 You were left-handed.
 You were in the Gnomish Mines, on level 6.
 You entered the dungeon 2392 turns ago.
 It was nighttime.
 You had 378 experience points, 262 more were needed to attain level 7.

Basics:
 You had 0 out of 52 hit points.
 You had all 11 energy points (spell power).
 Your armor class was 8.
 Your wallet contained 83 zorkmids.
 Autopickup was off.

Final Characteristics:
 Your strength was 18 (base:18/01, limit:18/50).
 Your dexterity was 17 (limit:18).
 Your constitution was 17 (limit:18).
 Your intelligence was 9 (limit:16).
 Your wisdom was 7 (limit:16).
 Your charisma was 7 (limit:16).

Final Status:
 You were weak from severe hunger.
 You were burdened; movement was slightly slowed.
 You were wielding an axe.
 You had basic skill with axe and could have enhanced that.

Final Attributes:
 You were piously aligned.
 You were poison resistant.
 You had infravision.
 You were warded.
 You are dead.

Miscellaneous:
 You didn't encounter any bones levels.
 Total elapsed playing time was 52 minutes and 10 seconds.

Major events:
 Turn
    1: 24620901111 the chaotic female orcish Barbarian entered the dungeon
 1360: attained the rank of Pillager (level 3)
 1619: entered the Gnomish Mines
 2362: attained the rank of Bandit (level 6)
 2392: killed by a gnome

You didn't know any spells.

Skills:
 Fighting Skills
   bare handed combat [Basic]
   two weapon combat  [Unskilled]
   riding             [Unskilled]
 Weapon Skills
   dagger             [Unskilled]
   axe                [Basic]
   pick-axe           [Unskilled]
   short sword        [Basic]
   broadsword         [Unskilled]
   long sword         [Unskilled]
   two-handed sword   [Unskilled]
   saber              [Unskilled]
   club               [Unskilled]
   mace               [Unskilled]
   morning star       [Unskilled]
   flail              [Unskilled]
   hammer             [Unskilled]
   quarterstaff       [Unskilled]
   spear              [Unskilled]
   trident            [Unskilled]
   bow                [Unskilled]
 Spellcasting Skills
   attack spells      [Unskilled]
   escape spells      [Unskilled]

Voluntary challenges:
 Character rerolling was not enabled.
 You were an atheist.
 You were illiterate.
 You never genocided any monsters.
 You never polymorphed an object.
 You never changed form.
 You used no wishes.
Achievements:
 You entered a shop.
 You attained the rank of Pillager.
 You entered the Gnomish Mines.
 You attained the rank of Bandit.

 The Dungeons of Doom: levels 1 to 3
    Level 1:
    Level 2:
       An armor shop, a fountain.
    Level 3:
       Stairs down to The Gnomish Mines.
 The Gnomish Mines: levels 4 to 6
    Level 4:
    Level 5:
    Level 6: <- You were here.
       Final resting place for
          you, killed by a gnome.


Vanquished creatures:
  a gnome ruler
  a fog cloud
  a yellow light
  3 gnome leaders
  a paper golem
  a giant ant
  a kitten
  5 dwarves
 an iguana
  2 hobbits
  2 large kobolds
  a red mold
 20 gnomes
  5 jackals
  a kobold
  2 goblins
  8 grid bugs
  3 lichens
  a kobold zombie
  5 newts
65 creatures vanquished.

No species were genocided or became extinct.

Game over:
                       ----------
                      /          \
                     /    REST    \
                    /      IN      \
                   /     PEACE      \
                  /                  \
                  |   24620901111    |
                  |      83 Au       |
                  |   killed by a    |
                  |      gnome       |
                  |                  |
                  |                  |
                  |       2026       |
                 *|     *  *  *      | *
        _________)/\\_//(\/(/\)/\//\/|_)_______

Goodbye 24620901111 the Barbarian...

You died in The Gnomish Mines on dungeon level 6 with 1837 points,
and 83 pieces of gold, after 2392 moves.
You were level 6 with a maximum of 52 hit points when you died.

